 Dungeon Crawl Stone Soup version 0.31.0-9-g3a7656b989 (webtiles) character file.

Game seed: 3185538123643071148

188 qw the Ducker (level 5, -2/26 HPs)
             Began as a Spriggan Hunter on Feb 2, 2024.
             Slain by a black bear (3 damage)
             ... on level 3 of the Dungeon.
             The game lasted 00:00:10 (2272 turns).

qw the Ducker (Spriggan Hunter)                     Turns: 2272, Time: 00:00:10

Health: -2/26      AC:  3    Str:  7    XL:     5   Next: 39%
Magic:  6/6        EV: 20    Int: 11    God:
Gold:   208        SH:  0    Dex: 20    Spells: 4/4 levels left

rFire   + . .        a - +1 shortbow
rCold   . . .        (shield currently unavailable)
rNeg    . . .        c - +0 robe
rPois   .            (helmet restricted)
rElec   .            d - +0 cloak
rCorr   .            (gloves unavailable)
SInv    +            (boots unavailable)
Will    .....        i - amulet of regeneration
Stlth   ++           g - ring of protection from fire
HPRegen 1.04/turn    (no ring)
MPRegen 0.10/turn

%: no passive effects
@: very quick
A: very small, no large weapons, unfitting armour, see invisible, speed 3
a: no special abilities


You were on level 3 of the Dungeon.
You visited 1 branch of the dungeon, and saw 4 of its levels.

You collected 208 gold pieces.


Innate Abilities, Weirdness & Mutations

You are very small and have problems with some larger weapons.
You are too small for most types of armour.
You have supernaturally acute eyesight. (SInv)
You cover ground extremely quickly. (Speed+++)


   Skills:
 - Level 2.0 Fighting
 + Level 5.4 Ranged Weapons
 - Level 5.4 Dodging
 - Level 1.5 Stealth


You had 4 spell levels left.
You didn't know any spells.
Your spell library was empty.

Inventory:

Hand Weapons
 a - a +1 shortbow (weapon)
Armour
 c - a +0 robe (worn)
 d - a +0 cloak (worn)
Jewellery
 b - a ring of fire
 g - a ring of protection from fire (left hand)
 i - an amulet of regeneration (around neck)
Wands
 m - a wand of flame (13) (quivered)
Potions
 f - a potion of heal wounds {unknown}
 h - a potion of brilliance {unknown}
 k - a potion of curing {unknown}
 l - a potion of resistance {unknown}

Dungeon Overview and Level Annotations

Branches:
Dungeon (4/15)
 Temple: D:4-7

Altars:


Message History

The orc is heavily wounded.
The orc misses you.
You shoot an arrow. The arrow hits the orc!
You kill the orc!
You start resting.
HP restored.
You climb downwards.
The goblin misses you. The orc completely misses you. The black bear bites you!
The black bear claws you. The black bear barely misses you.
The black bear completely misses you. The black bear closely misses you.
The black bear barely misses you. The goblin hits you with a +0 club.
There is a stone staircase leading up, spattered with blood here.
2268 ||| STAIRDANCE The black bear completely misses you.
The black bear claws you. The black bear misses you.
The goblin completely misses you.
You climb upwards.
There is a stone staircase leading down, spattered with blood here.
2270 ||| ZAPPING wand of flame (16) at -1,1 (black bear; floor).
Aiming: Throw Flame
Press: ? - help, Q - select action, (/) - cycle Shift-Dir - straight line, f - black bear The puff of flame hits the black bear.
The black bear is lightly wounded.
The orc closely misses you. The black bear completely misses you.
The black bear claws you but does no damage.
The black bear claws you. The goblin barely misses you.
2271 ||| ZAPPING wand of flame (15) at -1,1 (black bear; floor).
Aiming: Throw Flame
Press: ? - help, Q - select action, (/) - cycle Shift-Dir - straight line, f/p - black bear The puff of flame hits the black bear!
The black bear is heavily wounded.
The orc hits you with a +0 whip. The black bear misses you.
The black bear claws you. The black bear misses you.
The goblin hits you with a +0 club.
2272 ||| ZAPPING wand of flame (14) at -1,1 (black bear; floor).
Aiming: Throw Flame
Press: ? - help, Q - select action, (/) - cycle Shift-Dir - straight line, f/p - black bear The puff of flame hits the black bear.
The black bear is severely wounded.
The orc hits you with a +0 whip. The black bear bites you.
You die...

###..#....¤¤¤¤..##.###|.
##.........¤¤.........
##................###
#######.(#####.....#
#..........# #.....#
#..........# #.....#
#..........###.....##
#...)og.)...........##
#....@[....###......##
#...h......# #......##
###........# ###..#.#
#........#####..#.#
#............#..#.##
#.........##........
#.>.....#.####..#...
####.##.#..###..###.
#..#.##..##...##.


You could see a black bear, an orc and a goblin.

Vanquished Creatures
  Natasha (thrice) (D:3)
  3 adders
  2 ribbon worms
  A dart slug (D:2)
  5 orcs (D:3)
  6 bats
  4 endoplasms
  2 giant cockroaches (D:3)
  5 goblins
  5 hobgoblins
  10 jackals
  6 kobolds
  A quokka (D:1)
  9 ball pythons
  5 frilled lizards
  7 rats
74 creatures vanquished.

Notes
Turn   | Place    | Note
-------+----------+-------------------------------------------
     0 | D:1      | qw the Spriggan Hunter began the quest for the Orb.
     0 | D:1      | Reached XP level 1. HP: 10/10 MP: 2/2
     0 | D:1      | 0 ||| qw: Version: 0.3-a-155-g5e7d8dd
     0 | D:1      | 0 ||| qw: Game counter: 1820
     0 | D:1      | 0 ||| qw: Melee chars always use a shield: true
     0 | D:1      | 0 ||| qw: God list: Okawaru
     0 | D:1      | 0 ||| qw: Allow faded altars: false
     0 | D:1      | 0 ||| qw: Do Orc after clearing Dungeon:15 true
     0 | D:1      | 0 ||| qw: Do second Lair branch before Depths: true
     0 | D:1      | 0 ||| qw: Lair rune preference: random
     0 | D:1      | 0 ||| qw: Goals: Normal
     0 | D:1      | 0 ||| PLANNING D:1-11
    73 | D:1      | Reached skill level 3 in Dodging
   181 | D:1      | Reached XP level 2. HP: 14/14 MP: 3/3
   219 | D:1      | Found a faded altar of an unknown god.
   615 | D:1      | 615 ||| UPGRADING to +0 cloak.
   620 | D:1      | 620 ||| DROPPING scarf of shadows.
   621 | D:1      | 621 ||| READING scroll labelled XIOMMO YWAORI.
   625 | D:1      | 625 ||| READING scroll labelled QEFOAR LAPA.
   726 | D:1      | 726 ||| DROPPING scroll of butterflies.
   788 | D:2      | Reached XP level 3. HP: 18/18 MP: 4/4
  1019 | D:2      | Identified the +1 buckler of Feasting {Dex+3}
  1273 | D:2      | Reached XP level 4. HP: 22/22 MP: 5/5
  1721 | D:2      | 1721 ||| UPGRADING to amulet of regeneration.
  1726 | D:2      | 1726 ||| READING scroll labelled ZEOPEGOT LOTSO.
  1726 | D:2      | 1726 ||| ENCHANTING +0 shortbow.
  1727 | D:2      | 1727 ||| READING scroll labelled MYKILE NOLU.
  1728 | D:2      | 1728 ||| READING scroll labelled MIAWIO ENOWNIUL.
  1728 | D:2      | 1728 ||| IDENTIFYING bubbling sapphire potion
  1729 | D:2      | 1729 ||| READING scroll labelled EVVI NAZ SOBB.
  1730 | D:2      | 1730 ||| READING scroll labelled MOSKIY JYFEAZ.
  1739 | D:2      | 1739 ||| DROPPING potion of attraction.
  1889 | D:3      | Noticed Natasha
  1900 | D:3      | Killed Natasha
  1964 | D:3      | Noticed Natasha
  1966 | D:3      | 1966 ||| FLEEEEING.
  1967 | D:3      | 1967 ||| FLEEEEING.
  1968 | D:3      | 1968 ||| FLEEEEING.
  1969 | D:3      | 1969 ||| FLEEEEING.
  1970 | D:3      | 1970 ||| FLEEEEING.
  1971 | D:3      | HP: 5/22 [Natasha/puff of flame (6)]
  1972 | D:3      | 1972 ||| FLEEEEING.
  1975 | D:3      | 1975 ||| FLEEEEING.
  1979 | D:3      | Killed Natasha
  1980 | D:3      | Reached XP level 5. HP: 15/26 MP: 6/6
  2049 | D:3      | Noticed Natasha
  2054 | D:3      | Killed Natasha
  2210 | D:3      | 2210 ||| UPGRADING to ring of protection from fire.
  2211 | D:3      | 2211 ||| READING 2 scrolls labelled AJUTAR XEFAL.
  2212 | D:3      | 2212 ||| READING 2 scrolls labelled OLUPHI OPOU.
  2213 | D:3      | 2213 ||| DROPPING scroll of fog.
  2214 | D:3      | 2214 ||| DROPPING scroll of poison.
  2230 | D:4      | 2230 ||| STAIRDANCE
  2237 | D:4      | Noticed a black bear
  2238 | D:4      | 2238 ||| STAIRDANCE
  2268 | D:4      | 2268 ||| STAIRDANCE
  2270 | D:3      | 2270 ||| ZAPPING wand of flame (16) at -1,1 (black bear;
                  | floor).
  2271 | D:3      | 2271 ||| ZAPPING wand of flame (15) at -1,1 (black bear;
                  | floor).
  2271 | D:3      | HP: 6/26 [orc/+0 whip (5)]
  2272 | D:3      | 2272 ||| ZAPPING wand of flame (14) at -1,1 (black bear;
                  | floor).
  2272 | D:3      | HP: 1/26 [orc/+0 whip (4)]
  2272 | D:3      | Slain by a black bear

Levels and vault maps discovered:
D:1:      psy_arrival_whirlpool, layout_loops_ring,
          shapermc_ecumenical_altar_acropolis
D:2:      layout_basic, minmay_vboxes
D:3:      layout_rooms, uniq_natasha
D:4:      layout_basic, minmay_temple_entry_from_below_a, serial_shops, shop,
          uniq_grinder, uniq_robin, uniq_sigmund

Skill      XL: |  1  2  3  4 |
---------------+-------------+-----
Dodging        | 3 4 5 |  5.4
Ranged Weapons | 5 |  5.4
Fighting       | 2 |  2.0
Stealth        | |  1.5

Action                     |  1- 3 |  4- 6 || total
---------------------------+-------+-------++-------
   Fire: Shortbow          |   124 |    70 ||   194
  Evoke: Wand              |       |     3 ||     3
    Use: Scroll            |     2 |     7 ||     9
 Armour: Robe              |     7 |    31 ||    38
  Dodge: Dodged            |    35 |    45 ||    80

Table legend:
 A = Non-vault XP
 B = Vault XP
 C = Vault XP percentage of total XP
 D = Non-vault monster count
 E = Vault monster count
 F = Vault count percentage of total count
                 A         B        C        D         E       F
            +---------+---------+-------+---------+---------+-------
      Total |     226 |      43 |  16.0 |      67 |       7 |   9.5
            +---------+---------+-------+---------+---------+-------
        D:1 |      35 |       0 |   0.0 |      23 |       0 |   0.0
        D:2 |      69 |       8 |  10.4 |      24 |       6 |  20.0
        D:3 |     122 |      35 |  22.3 |      20 |       1 |   4.8
            +---------+---------+-------+---------+---------+-------
